Map: Blackpink LE

Players

SamuraiFunn - Winner!

  • Race: Protoss Protoss
  • League: Platinum
  • Spawn Location: 7:00

A.I. 1 (Very Hard)

  • Race: Terran Terran
  • Spawn Location: 1:00

VOD

Have the link to the VOD?

Description

Time

  • Played on: Nov. 30, 2017, 10:44 a.m.
  • Length: 4:57
Show
View Real Time Build Order
Export as new Build Order

SamuraiFunn Protoss - Winner!

Build Orders:  

Get SALT Encoding   

  12  0:01  Probe  
  13  0:17  Probe (Chrono Boost)  
  14  0:31  Probe (Chrono Boost)  
  15  0:46  Pylon  
  15  0:58  Assimilator  
  15  1:04  Probe  
  16  1:05  Gateway  
  16  1:06  Gateway  
  16  1:12  Gateway  
  16  1:16  Probe  
  17  1:25  Pylon  
  17  1:28  Probe  
  22  1:58  Zealot (Chrono Boost)  
  24  2:02  Zealot (Chrono Boost)  
  24  2:03  Zealot (Chrono Boost)  
  24  2:06  Cybernetics Core  
  24  2:07  Probe  
  25  2:16  Zealot  
  25  2:19  Probe, Zealot  
  30  2:44  Zealot x2  
  30  2:45  Warp Gate  
  30  2:46  Pylon  
  28  3:00  Zealot  
  26  3:14  Zealot (Chrono Boost)  
  26  3:17  Zealot (Chrono Boost)  
  26  3:37  Zealot (Chrono Boost)  
  26  3:47  Twilight Council  
  30  3:48  Zealot x2  
  30  3:57  Zealot  
  32  4:13  Pylon  
  32  4:18  Zealot x2  
  36  4:24  Zealot  
  38  4:56  Pylon  
Show
View Real Time Build Order
Export as new Build Order

A.I. 1 (Very Hard) Terran 

Build Orders:  

Get SALT Encoding   

  12  0:00  SCV  
  13  0:13  SCV  
  14  0:19  Supply Depot  
  14  0:25  SCV  
  15  0:40  SCV  
  16  0:42  Barracks  
  16  0:52  SCV  
  17  1:05  SCV  
  18  1:15  Refinery  
  18  1:17  SCV  
  19  1:27  Barracks  
  19  1:29  Marine  
  19  1:30  Orbital Command  
  20  1:38  Barracks  
  20  1:47  Marine  
  20  1:50  Supply Depot  
  21  1:55  SCV  
  22  2:05  Barracks Tech Lab  
  22  2:12  SCV  
  22  2:13  Marine  
  24  2:23  Supply Depot, Marine  
  24  2:25  Marine  
  24  2:31  Barracks Tech Lab  
  24  2:33  SCV  
  20  2:41  Marine  
  20  2:43  Marine  
  17  2:46  SCV  
  18  2:58  SCV  
  13  3:10  SCV  
  13  3:22  SCV  
  13  3:34  SCV  
  14  3:46  SCV  
  15  3:58  SCV  
  16  4:10  SCV  
  17  4:22  SCV, Marine  
  17  4:23  Marine  
  17  4:24  Marine  
  17  4:34  SCV  
Tags
 
League
Platinum
Matchup
PvT
Replay Pack
First 100 games
Spawn Locations
Cross Positions
Add a new tag
Caveats
  • Supply blocks, unpowered buildings, or Contaminate may cause inaccurate times.
  • Supply counts are checked every 10 seconds.